 Dungeon Crawl Stone Soup version 0.27.1-33-g824d729ab1 (webtiles) character file.

Game seed: 14463875942490673133

495 potato4science the Sneak (level 7, 0/41 HPs)
             Began as a Kobold Enchanter on Dec 24, 2021.
             Succumbed to a scorpion's poison
             ... on level 5 of the Dungeon.
             The game lasted 00:19:32 (6330 turns).

potato4science the Sneak (Kobold Enchanter)         Turns: 6330, Time: 00:19:32

Health: 0/41       AC:  3    Str: 13    XL:     7   Next: 38%
Magic:  0/11       EV: 16    Int: 17    God:
Gold:   83         SH:  0    Dex: 15    Spells: 5/12 levels left

rFire    . . .     SeeInvis .   w - +3 dagger (holy)
rCold    . . .     Faith    .   (shield restricted)
rNeg     . . .     Spirit   .   b - +0 robe
rPois    .         Reflect  .   (no helmet)
rElec    .         Harm     .   (no cloak)
rCorr    .         Rampage  .   (no gloves)
Will     +....                  n - +0 pair of boots
Stlth    ++++......             (no amulet)
HPRegen  0.13/turn              d - ring of willpower
MPRegen  0.12/turn              v - +6 ring of strength

@: lethally poisoned (0 -> -10)
A: small, no large weapons, nightstalker 3
a: no special abilities


You were on level 5 of the Dungeon.
You visited 1 branch of the dungeon, and saw 5 of its levels.

You collected 163 gold pieces.
You spent 80 gold pieces at shops.

Inventory:

Hand Weapons
 a - a +1 dagger
 w - a +3 dagger of holy wrath (weapon)
Missiles
 c - 9 boomerangs
 g - 28 poisoned darts
 o - 29 bolts
 u - 7 curare-tipped darts
Armour
 b - a +0 robe (worn)
 n - a +0 pair of boots (worn)
Magical Staves
 j - a staff of earth
 x - a staff of fire
Jewellery
 d - a ring of willpower (left hand)
 h - a ring of willpower
 v - a +6 ring of strength (right hand)
Wands
 s - a wand of iceblast (9)
Scrolls
 f - a scroll of holy word
 i - 2 scrolls of teleportation
 t - a scroll of fear
Potions
 e - a potion of haste
 k - 2 potions of heal wounds
 l - a potion of lignification {unknown}
 m - a potion of degeneration {unknown}
 p - a potion of ambrosia {unknown}
 q - a potion of curing {unknown}
 r - a potion of invisibility {unknown}


   Skills:
 - Level 3.0 Fighting
 - Level 4.0 Short Blades
 - Level 2.0 Armour
 - Level 4.0 Dodging
 - Level 6.0 Stealth
 - Level 3.0 Spellcasting
 - Level 3.0 Hexes
 + Level 2.2 Ice Magic


You had 5 spell levels left.
You knew the following spells:

 Your Spells              Type           Power      Damage    Failure   Level
a - Corona                Hex            13%        N/A       4%          1
b - Ensorcelled Hibernat  Hex/Ice        22%        N/A       9%          2
c - Petrify               Tmut/Erth      2%         N/A       86%         4

Your spell library contained the following spells:

 Spells                   Type           Power      Damage    Failure   Level
 Confusing Touch          Hex            12%        N/A       16%         3
 Tukima's Dance           Hex            12%        N/A       16%         3
 Sublimation of Blood     Necr           1%         N/A       26%         2
 Dazzling Flash           Conj/Hex       14%        N/A       28%         3
 Gell's Gravitas          Tloc           1%         N/A       45%         3
 Lesser Beckoning         Tloc           1%         N/A       45%         3
 Teleport Other           Tloc           2%         N/A       45%         3
 Irradiate                Conj/Tmut      1%         3d14      99%         5


Dungeon Overview and Level Annotations

Branches:
Dungeon (5/15)
 Temple: D:4-7

Altars:
Elyvilon

Shops:
D:2 (   D:5 =

Annotations:
D:5 exclusions: ice beast and ogre, Menkaure


Innate Abilities, Weirdness & Mutations

You are small and have problems with some larger weapons.
You are completely attuned to the shadows.


Message History

The scorpion is unaffected.
The scorpion stings you but does no damage.
The scorpion misses you.
You hit the scorpion but do no damage. The scorpion barely misses you.
The scorpion is unaffected.
The scorpion stings you but does no damage.
The scorpion is unaffected.
The scorpion stings you.
The scorpion is unaffected.
The scorpion barely misses you.
The scorpion is unaffected.
The scorpion stings you but does no damage.
You closely miss the scorpion. The scorpion misses you.
You hit the scorpion but do no damage. The scorpion stings you!
You hit the scorpion.
The scorpion is lightly wounded.
The scorpion barely misses you.
You hit the scorpion.
The scorpion is lightly wounded.
The scorpion stings you but does no damage.
You hit the scorpion.
The scorpion is moderately wounded.
The scorpion misses you.
You hit the scorpion but do no damage.
The scorpion is moderately wounded.
The scorpion stings you. The scorpion stings you. The scorpion stings you!
* * * LOW HITPOINT WARNING * * *
The scorpion misses you.
You are too injured to fight recklessly!
Aiming: Ensorcelled Hibernation (safe; 9% risk of failure)
Press: ? - help, Q - select action, (/) - cycle Shift-Dir - straight line, f/p - scorpion
Aim: a scorpion (moderately wounded, chance to affect: 42%)
The scorpion resists with some effort.
The scorpion stings you.
* * * LOW HITPOINT WARNING * * *
You are lethally poisoned!
The scorpion poisons you! The scorpion stings you.
* * * LOW HITPOINT WARNING * * *
Unknown command.
You die...

#..# #..# #..# ...#
######### ..##
#.......#
##.####.#####.####
#.#...#.##.......#
##.#.#.....##.##s#
#.##.#.#####.##@#
#.####.#####.##รท#
##.####..[....##.#
.......#########.####
.#.#.#.# #......#
......)#######.#.##.#
....#.......##.#....##
....#.......##.###...#
............##.##..#..#


You could see a scorpion.

Vanquished Creatures
  An orc warrior (D:5)
  A scorpion (D:4)
  A bullfrog zombie (D:5)
  2 orc priests
  2 iguanas (D:4)
  2 orc wizards
  5 gnolls
  An adder (D:2)
  4 worms
  13 orcs
  4 bats
  4 endoplasms
  2 giant cockroaches
  4 goblins
  4 hobgoblins
  3 quokkas
  8 ball pythons
  3 kobolds
  5 rats
69 creatures vanquished.

Vanquished Creatures (others)
  A plant (D:5)
1 creature vanquished.

Grand Total: 70 creatures vanquished

Notes
Turn   | Place    | Note
-------+----------+-------------------------------------------
     0 | D:1      | potato4science the Kobold Enchanter began the quest for the
                  | Orb.
     0 | D:1      | Reached XP level 1. HP: 10/10 MP: 3/3
   412 | D:1      | Reached XP level 2. HP: 15/15 MP: 5/5
   556 | D:1      | Reached skill level 5 in Stealth
   580 | D:1      | Learned a level 2 spell: Ensorcelled Hibernation
  1425 | D:2      | Found a white marble altar of Elyvilon.
  1427 | D:2      | Reached skill level 1 in Fighting
  1749 | D:2      | Reached skill level 1 in Ice Magic
  1749 | D:2      | Reached XP level 3. HP: 20/20 MP: 6/6
  1796 | D:2      | Found Suzirghunu's Antique Weapon Emporium.
  2163 | D:2      | Noticed a blizzard demon
  2167 | D:2      | Found a faded altar of an unknown god.
  2181 | D:2      | Reached skill level 1 in Armour
  2598 | D:3      | Reached XP level 4. HP: 25/25 MP: 7/7
  2603 | D:3      | Learned a level 4 spell: Petrify
  4062 | D:4      | Reached XP level 5. HP: 19/30 MP: 1/8
  4611 | D:4      | Reached XP level 6. HP: 31/37 MP: 1/9
  5654 | D:2      | Bought a runed dagger for 80 gold pieces
  5691 | D:5      | Entered Level 5 of the Dungeon
  5894 | D:5      | Noticed an orc warrior
  5975 | D:5      | Noticed an ogre
  5976 | D:5      | Noticed an ice beast
  6089 | D:5      | Reached XP level 7. HP: 41/41 MP: 2/10
  6164 | D:5      | Found Futugare's Jewellery Boutique.
  6167 | D:5      | Reached skill level 6 in Stealth
  6227 | D:5      | Noticed Menkaure
  6330 | D:5      | Succumbed to a scorpion's poison

Illustrated notes

Levels and vault maps discovered:
D:1:      dpeg_arrival_water_temple_mockup, layout_basic
D:2:      minmay_door_path, layout_basic, basic_altar, serial_shops, shop,
          dreamdust_ecumenical_altar_sealed_demon
D:3:      layout_loops_ring, corexii_shack
D:4:      layout_loops_cross, minmay_fractal_squares_5
D:5:      layout_loops_cross, mainiacjoe_overflow_boulevard,
          minmay_temple_entry_gardened_gates, serial_shops,
          nicolae_stop_n_shop_1, sigmund_army, uniq_menkaure

Skill      XL: |  1  2  3  4  5  6  7 |
---------------+----------------------+-----
Stealth        | 5 6 |  6.0
Fighting       | 1 2 3 |  3.0
Ice Magic      | 1 2 |  2.2
Short Blades   | 2 3 4 |  4.0
Armour         | 1 2 |  2.0
Dodging        | 3 4 |  4.0
Spellcasting   | 3 |  3.0
Hexes          | |  3.0

Action                   |  1- 3 |  4- 6 |  7- 9 || total
-------------------------+-------+-------+-------++-------
Melee: Dagger            |    45 |    39 |    12 ||    96
 Cast: Corona            |     2 |       |       ||     2
       Ensorcelled Hiber |     9 |    34 |    14 ||    57
  Use: Scroll            |       |     7 |     1 ||     8
       Potion            |       |     1 |       ||     1
 Stab: Sleeping          |    25 |    34 |     4 ||    63
Armor: Robe              |     1 |     1 |     4 ||     6
Dodge: Dodged            |    16 |    27 |    10 ||    53
